 Dungeon Crawl Stone Soup version 0.18-a0-1800-gdc7a371 (webtiles) character file.

73 zxpr0jk the Chiller (level 4, 0/33 HPs)
             Began as a Draconian Ice Elementalist on Apr 25, 2016.
             Killed from afar by Natasha (2 damage)
             ... with a magic dart
             ... on level 2 of the Dungeon.
             The game lasted 01:37:55 (2090 turns).

zxpr0jk the Chiller (Draconian Ice Elementalist)    Turns: 2090, Time: 01:37:56

Health: 0/33       AC: 10    Str: 10    XL:     4   Next: 8%
Magic:  0/8        EV: 12    Int: 16    God:
Gold:   79         SH:  0    Dex: 12    Spells: 2 memorised, 5 levels left

rFire  . . .     SeeInvis .     d - +0 short sword
rCold  . . .     Gourm    .     (armour unavailable)
rNeg   . . .     Faith    .     (no shield)
rPois  .         Spirit   .     (helmet restricted)
rElec  .         Dismiss  .     (no cloak)
rCorr  .         Reflect  .     (no gloves)
SustAt .         Harm     .     (no boots)
MR     .....                    (no amulet)
Stlth  ++........               (no ring)
                                (no ring)

@: icy armour, very slightly contaminated, slow, not resistant to hostile
enchantments, unstealthy
A: unfitting armour, cold-blooded, AC +5
a: no special abilities


You were on level 2 of the Dungeon.
You were hungry.

You visited 1 branch of the dungeon, and saw 2 of its levels.

You collected 79 gold pieces.

Inventory:

Hand Weapons
 d - a +0 short sword (weapon)
Missiles
 e - 39 stones (quivered)
 k - 8 sling bullets
Scrolls
 c - a scroll of immolation {unknown}
 g - 2 scrolls of teleportation {unknown}
 i - 2 scrolls of amnesia {unknown}
 j - 2 scrolls of remove curse {unknown}
 n - a scroll of enchant weapon {unknown}
Potions
 f - a potion of lignification {unknown}
 h - a potion of flight {unknown}
 l - 2 potions of curing {unknown}
Books
 a - a book of Frost

   Spells                             Type                      Level
   a - Freeze                         Ice                          1
   b - Throw Frost                    Conjuration/Ice              2
   c - Ozocubu's Armour               Charms/Ice                   3
   d - Throw Icicle                   Conjuration/Ice              4
   e - Summon Ice Beast               Ice/Summoning                4
Comestibles
 b - 2 bread rations
 m - 2 chunks of flesh
 o - 2 fruits


   Skills:
 - Level 1.7 Dodging
 - Level 1.7 Stealth
 + Level 3.0 Spellcasting
   Level 1.0 Conjurations
 * Level 4.2 Ice Magic


You had 5 spell levels left.
You knew the following spells:

 Your Spells              Type           Power        Failure   Level  Hunger
a - Freeze                Ice            ###.         3%          1    #......
b - Ozocubu's Armour      Chrm/Ice       #.......     28%         3    ###....


Dungeon Overview and Level Annotations

Branches:
Dungeon (2/15)

Altars:
The Shining One

Annotations:
D:2 Natasha


Innate Abilities, Weirdness & Mutations

Your plain brown scales are hard (AC +5).
Your body does not fit into most forms of armour.
You are cold-blooded and may be slowed by cold attacks.


Message History

You closely miss Natasha.
Natasha is almost dead.
The shadow imp hits you but does no damage.
Natasha claws you.
* * * LOW HITPOINT WARNING * * *
Casting: Ozocubu's Armour
Confirm with . or Enter, or press ? or * to list all spells.
Aiming: Freeze
Press: ? - help, Shift-Dir - straight line, f - shadow imp
Aim: a shadow imp (summoned)
You freeze the shadow imp.
The shadow imp completely resists.
The shadow imp hits you but does no damage.
Natasha claws you.
* * * LOW HITPOINT WARNING * * *
You closely miss Natasha.
Natasha is almost dead.
The shadow imp hits you but does no damage.
Natasha casts a spell at you. The magic dart hits you!
You die...

# #...........##
#.......######
####...###..#...###..####.#
.......# #.###..##..#####.#
....#### #.# #......###...#
###...# ##.###....[.##.>###
###.###......###..##.##
#####.......##.###.....#
...##....#####.h##...###
...####.## ##5@S...#
...##...# ###...##
..S...### #....### #######
#)#....##### #
#...#........#
#.###.##.###.# #. #..).# .
###..## .# #....#


You could see Natasha, an adder and a shadow imp.

Vanquished Creatures
  2 adders (D:2)
  A worm (D:2)
  2 dart slugs (D:2)
  4 giant cockroaches
  3 goblins
  6 hobgoblins
  5 jackals
  6 bats
  4 giant newts
  9 kobolds
  4 rats (D:1)
46 creatures vanquished.

Vanquished Creatures (others)
  5 toadstools (D:1)
5 creatures vanquished.

Grand Total: 51 creatures vanquished

Notes
Turn   | Place    | Note
--------------------------------------------------------------
     0 | D:1      | zxpr0jk the Draconian Ice Elementalist began the quest for the Orb.
     0 | D:1      | Reached XP level 1. HP: 14/14 MP: 3/3
   492 | D:1      | Reached XP level 2. HP: 10/20 MP: 1/5
   578 | D:1      | Found a glowing golden altar of the Shining One.
  1277 | D:1      | Reached XP level 3. HP: 23/26 MP: 4/7
  1462 | D:2      | Noticed Natasha
  1759 | D:2      | Reached skill level 4 in Ice Magic
  1768 | D:2      | Learned a level 3 spell: Ozocubu's Armour
  1968 | D:2      | Reached XP level 4. HP: 31/33 MP: 5/8
  2090 | D:2      | Killed from afar by Natasha

Vault maps used:
D:1:      ldierk_walled_garden, kennysheep_another_room, tso_metal_star
D:2:      first_bread, uniq_natasha

Skill      XL: |  1  2  3 |
---------------+----------+-----
Spellcasting   | 3 |  3.0
Ice Magic      | 4 |  4.2
Dodging        | |  1.7
Stealth        | |  1.7
Conjurations   | |  1.0

Action                   |  1- 3 |  4- 6 || total
-------------------------+-------+-------++-------
Melee: Unarmed           |    48 |       ||    48
       Tailslap          |     8 |       ||     8
       Short sword       |    52 |    19 ||    71
Throw: Stone             |    51 |     7 ||    58
 Cast: Freeze            |    40 |     7 ||    47
       Ozocubu's Armour  |       |     2 ||     2
 Stab: Sleeping          |     2 |       ||     2
  Eat: Chunk             |     4 |       ||     4
Armor: Skin              |    42 |     8 ||    50
Dodge: Dodged            |   100 |    12 ||   112
